cohdb
Replays
Latest Replays
All Replays
Popular Replays
Top Player Replays
Match Explorer
How It Works
Community
CoH3 Stats
Reddit
Sign in to upload your games and track your stats! →
Sign in with Steam
Match 41438359
Unlisted
Match 41438359
Overview
Messages
Build Orders
End
Vickers Machine Gun Team
Construct Section Command Post
Selects Canadian Shock Battlegroup
Infantry Section
Infantry Section
ML 3-inch Mortar Team
Selects Attacking Spirit
Selects Canadian Shock Section
Canadian Shock Section
Construct Platoon Command Post
Selects Incendiary Munitions
Canadian Shock Section
CMP 15cwt Truck
Unlock Bishop Self-propelled Artillery
Selects Pyrotechnics
6-pounder Anti-tank Gun Team
Bishop Self-propelled Artillery
Bishop Self-propelled Artillery
Light Vehicle Training
Selects Churchill Crocodile Heavy Tank
CMP 15cwt Truck
Churchill Crocodile Heavy Tank
Grenade Package
Infantry Training
Heileif
b0nna
BigTiddyLebron
kreumat
0
0
Comments
sign in to comment!
No comments posted yet!